 Dungeon Sprint DCSS version 0.20-a0-785-g17250f0 (webtiles) character file.

56 esc the Skirmisher (level 6, -2/44 HPs)
             Began as a Gargoyle Gladiator on Feb 27, 2017.
             Was a Believer of Wu Jian.
             Slain by an ogre
             ... wielding a +0 giant club
              (16 damage)
             ... in the Dungeon (Sprint VI: "Thunderdome").
             The game lasted 00:03:38 (296 turns).

esc the Skirmisher (Gargoyle Gladiator)              Turns: 296, Time: 00:03:38

Health: -2/44      AC:  8    Str: 26    XL:     6   Next: 29%
Magic:  0/6        EV: 14    Int: 20    God:    Wu Jian [**....]
Gold:   145        SH:  0    Dex: 11    Spells: 5/5 levels left

rFire    + + .     SeeInvis .   a - +0 quarterstaff
rCold    . . .     Gourm    .   e - +2 robe
rNeg     + . .     Faith    .   (shield currently unavailable)
rPois    ∞         Spirit   +   c - +0 helmet
rElec    +         Reflect  .   (no cloak)
rCorr    .         Harm     .   (no gloves)
MR       .....     NoTele   +   (no boots)
Stlth    ++........             p - amulet of the Duchess {Spirit rF+ rC++ Str+7}
Regen    0.2/turn               r - ring "Wauthre" {rC- AC-2 Int+3 Slay+4} (curse)
MPRegen  0.1/turn               q - ring "Wihett" {*Drain rF+ rC- Int+8 Stlth+}

@: no status effects
A: negative energy resistance 1, electricity resistance, unbreathing,
petrification resistance, rot immunity, AC +4
a: Renounce Religion


You were in the Dungeon.
You worshipped Wu Jian.
Wu Jian was pleased with you.
You were not hungry.

You visited 1 branch You collected 280 gold pieces.
You spent 135 gold pieces at shops.

Inventory:

Hand Weapons
 a - a +0 quarterstaff (weapon)
Missiles
 d - 3 throwing nets {=f, !d}
Armour
 b - a +0 leather armour
 c - a +0 helmet (worn)
 e - a +2 robe (worn)
   (You took it off Blork the orc in the Dungeon)
Jewellery
 p - the amulet of the Duchess (around neck) {Spirit rF+ rC++ Str+7}
   (You bought it in a shop in the Dungeon)

   [amulet of guardian spirit]

   It causes incoming damage to be split between your health and magic.
   It affects your strength (+7).
   It protects you from fire.
   It greatly protects you from cold.
 q - the ring "Wihett" (left hand) {*Drain rF+ rC- Int+8 Stlth+}
   (You bought it in a shop in the Dungeon)

   [ring of protection from fire]

   It affects your intelligence (+8).
   It protects you from fire.
   It makes you vulnerable to cold.
   It causes draining when unequipped.
   It makes you more stealthy.
 r - the cursed ring "Wauthre" (right hand) {rC- AC-2 Int+3 Slay+4}
   (You bought it in a shop in the Dungeon)

   [ring of protection]

   It affects your AC (-2).
   It affects your intelligence (+3).
   It affects your accuracy and damage with ranged weapons and melee attacks
   (+4).
   It makes you vulnerable to cold.
   It has a curse placed upon it.
Wands
 l - a wand of acid (4/15)
   (You found it in the Dungeon)
 m - a wand of iceblast (5/15)
   (You found it in the Dungeon)
Scrolls
 k - 4 scrolls of blinking {!r}
 n - 3 scrolls of fog
Potions
 g - 3 potions of heal wounds
 h - 4 potions of haste
 i - 2 potions of magic
 o - a potion of resistance
Comestibles
 f - a bread ration {@e1}
 j - 6 chunks of flesh {@w0}


   Skills:
 + Level 7.2 Fighting
 + Level 7.0 Staves
 - Level 1.7 Throwing
 + Level 6.8 Armour
 + Level 5.8 Dodging


You had 5 spell levels left.
You didn't know any spells.

Dungeon Overview and Level Annotations

Branches:
Dungeon (1/1)

Altars:
Cheibriados
Dithmenos
Fedhas
Gozag
Kikubaaqudgha
Makhleb
Okawaru
Qazlal
Ru
Sif Muna
Trog
Uskayaw
Vehumet
Wu Jian
Xom
Yredelemnul
Zin
The Shining One
Beogh
Jiyva
Lugonu

Shops:
D *[%??*?*:[(!!!!


Innate Abilities, Weirdness & Mutations

You are resistant to torment.
Your stone body is resilient. (AC +4)
You are immune to poison.
You resist negative energy. (rN+)
You are resistant to electric shocks. (rElec)
You can survive without breathing.
You are immune to petrification.
You are immune to rotting.


Message History

j - 6 chunks of flesh {@w0} (gained 1)
Items here: )) [ ÷ a robe; a dagger; a club; an orc skeleton There isn't anything to butcher here.
Wear which item (? for menu, Esc to quit)
You start removing your armour.
You continue taking off your +0 leather armour. x4
You finish taking off your +0 leather armour.
You start putting on your armour.
You continue putting on your embroidered robe. x5
You finish putting on your +2 robe.
Wear which item (? for menu, Esc to quit)
You start removing your armour.
You continue taking off your +2 robe. x4
You finish taking off your +2 robe.
You start putting on your armour.
You continue putting on your +0 leather armour. x5
Get ready!
You finish putting on your +0 leather armour.
Wear which item (? for menu, Esc to quit)
You start removing your armour.
You continue taking off your +0 leather armour.
ROUND 3!
FIGHT!
You continue taking off your +0 leather armour. x3
You finish taking off your +0 leather armour.
You start putting on your armour.
You continue putting on your +2 robe. x5
You finish putting on your +2 robe.
MP restored: 5
Things that are here:
a hand axe; a club; the orc skeleton of Blork the orc You start resting.
An ogre comes into view. It is wielding a giant spiked club.
The ogre shouts!
You have no room to wall jump.
Unknown command.
The ogre is distracted by your jump. The ogre misses you.
You spin and attack the ogre.
You barely miss the ogre.
You spin and attack the ogre.
You barely miss the ogre.
The ogre hits you with a giant spiked club!!
Ouch! That really hurt!
* * * LOW HITPOINT WARNING * * *
You take 21 damage, and have 9/35 hp.
MASSIVE DAMAGE!!
You now have 2/5 mp.
You feel much better. The ogre misses you.
Health restored: 35 You spin and attack the ogre.
You hit the ogre.
You spin and attack the ogre.
You sock the ogre! The ogre misses you.
You spin and attack the ogre.
You sock the ogre!
You kill the ogre!
The Council accepts your kill.
Your Fighting skill increases to level 6!
Your Staves skill increases to level 6!
Your Armour skill increases to level 6!
Your Dodging skill increases to level 5!
Health restored: 37 An ogre comes into view.
It is wielding a giant club.
You attack the ogre from above.
You barely miss the ogre. The ogre hits you with a giant club!
You take 11 damage, and have 26/37 hp.
MASSIVE DAMAGE!!
You now have 2/5 mp.
You spin and attack the ogre.
You hit the ogre.
The ogre seems to slow down as you strike a pressure point.
You spin and attack the ogre.
You hit the ogre. The ogre misses you.
You spin and attack the ogre.
You barely miss the ogre. The ogre misses you.
You spin and attack the ogre.
You hit the ogre.
The ogre is no longer moving slowly.
You attack the ogre from above.
You sock the ogre! The ogre closely misses you.
You spin and attack the ogre.
You thump the ogre!
You kill the ogre!
The Council accepts your kill.
Your Fighting skill increases to level 7!
Your Staves skill increases to level 7!
You have reached level 6!
Your experience leads to an increase in your attributes!
Your base attributes are Str 18, Int 9, Dex 11.
Increase (S)trength, (I)ntelligence, or (D)exterity?
You feel stronger.
You regained 6 hp, and now have 33/44 hp.
You start resting.
An ogre comes into view. It is wielding a giant club.
You regained 4 hp, and now have 37/44 hp.
You regained 2 mp, and now have 5/6 mp.
An ogre comes into view. It is wielding a giant spiked club.
MP restored: 6 You attack the ogre from above.
You barely miss the ogre.
You attack the ogre from above.
You barely miss the ogre.
The ogre hits you with a giant spiked club.
The ogre hits you with a giant club!
You take 17 damage, and have 21/44 hp.
MASSIVE DAMAGE!!
You now have 3/6 mp.
You spin and attack the ogre.
You hit the ogre.
You spin and attack the ogre.
You bludgeon the ogre!!
The ogre hits you with a giant spiked club!
The ogre barely misses you.
You take 7 damage, and have 14/44 hp.
You now have 2/6 mp.
You spin and attack the ogre.
You sock the ogre!
You spin and attack the ogre.
You sock the ogre! The ogre hits you with a giant club!!
You die...

###.........###
#⌠...O.......⌠#
######.8.........8.###
##∩___......###......__
###∩........8.# #.8......
##...)....)...)###........
#⌠..........###[.)###.....
#⌠..........# #.<.# #.....
#⌠......§@O.###...###.....
##......§.O....###........
###∩........8.# #.8......
##∩__.......###......_.
######.8.........8.###
#⌠...........⌠#
###.........###
#_......._# #_......._#


You could see 3 ogres.

Vanquished Creatures
  2 ogres (D)
  Blork the orc (D)
  A worker ant (D)
  An orc wizard (D)
  5 orcs (D)
  A goblin (D)
  A frilled lizard (D)
  A jackal skeleton (D)
  A rat (D)
14 creatures vanquished.

Notes
Turn   | Place    | Note
-------+----------+-------------------------------------------
     0 | D        | esc the Gargoyle Gladiator began the quest for the Orb.
     0 | D        | Reached XP level 1. HP: 12/12 MP: 1/1
     1 | D        | Found a corrupted altar of Lugonu.
     1 | D        | Found a radiant altar of Vehumet.
     2 | D        | Found a basalt altar of Yredelemnul.
     2 | D        | Found an ancient bone altar of Kikubaaqudgha.
     3 | D        | Found a glowing silver altar of Zin.
     3 | D        | Found a snail-covered altar of Cheibriados.
     4 | D        | Found Fawkes's Bee Food.
     4 | D        | Found a glowing golden altar of the Shining One.
     4 | D        | Found Naofim's Identification Station.
     5 | D        | Found Mekh's Jewellery.
     5 | D        | Found Iselyr's Advanced Armour.
     5 | D        | Round 1.
    13 | D        | Bought a clouded copper amulet for 45 gold pieces
    13 | D        | Bought a faintly glowing glass ring for 45 gold pieces
    13 | D        | Bought a translucent ivory ring for 45 gold pieces
    13 | D        | Identified the amulet of the Duchess {Spirit rF+ rC++ Str+7} (You bought it in a shop in the Dungeon)
    14 | D        | Identified the ring "Wihett" {*Drain rF+ rC- Int+8 Stlth+} (You bought it in a shop in the Dungeon)
    15 | D        | Identified the cursed ring "Wauthre" {rC- AC-2 Int+3 Slay+4} (You bought it in a shop in the Dungeon)
    30 | D        | Found a viscous altar of Jiyva.
    31 | D        | Found Keacyzoag's Magic Scroll Shop.
    32 | D        | Found Omnocwawn's Magic Scroll Shop.
    32 | D        | Found Jaegh's Must-Have Magic.
    37 | D        | Noticed a worker ant
    39 | D        | Found an iron altar of Okawaru.
    39 | D        | Found a shadowy altar of Dithmenos.
    40 | D        | Found a shimmering altar of Xom.
    40 | D        | Found a stormy altar of Qazlal.
    46 | D        | Killed a worker ant
    46 | D        | Reached skill level 3 in Fighting
    46 | D        | Reached skill level 4 in Staves
    46 | D        | Reached skill level 2 in Armour
    46 | D        | Reached skill level 3 in Dodging
    46 | D        | Reached XP level 2. HP: 20/20 MP: 2/2
    46 | D        | Reached XP level 3. HP: 24/24 MP: 3/3
    50 | D        | Reached skill level 4 in Fighting
    52 | D        | Found a hide-covered altar of Uskayaw.
    53 | D        | Found Qityb's Distillery.
    53 | D        | Found a blossoming altar of Fedhas.
    53 | D        | Found Goahuh's Do-It-Yourself Clinic.
    54 | D        | Found Jemumeub's Distillery.
    54 | D        | Found Fatar's Bottled Wisdom.
    57 | D        | Found a deep blue altar of Sif Muna.
    58 | D        | Found an ornate altar of the Wu Jian Council.
    59 | D        | Found a sacrificial altar of Ru.
    60 | D        | Found a burning altar of Makhleb.
    60 | D        | Found an opulent altar of Gozag.
    60 | D        | Found a roughly hewn altar of Beogh.
    60 | D        | Found Buesk's Weapon Rack.
    60 | D        | Found Maimpuarch's Premium Goods.
    61 | D        | Found Ewuthro's Basic Armour.
    61 | D        | Found Labbaat's Miscellaneous Merchandise.
    74 | D        | Became a worshipper of the Wu Jian Council
    82 | D        | Arena points: 14 (+14) [x2]
   135 | D        | Round 2.
   142 | D        | Reached skill level 3 in Armour
   158 | D        | Reached * piety under Wu Jian
   167 | D        | Noticed Blork the orc
   176 | D        | Reached ** piety under Wu Jian
   176 | D        | Reached skill level 4 in Armour
   176 | D        | Reached skill level 4 in Dodging
   176 | D        | Reached XP level 4. HP: 25/30 MP: 2/4
   178 | D        | Found a bloodstained altar of Trog.
   179 | D        | Killed Blork the orc
   179 | D        | Arena points: 56 (+42) [x3]
   179 | D        | Reached skill level 5 in Fighting
   179 | D        | Reached skill level 5 in Staves
   179 | D        | Reached skill level 5 in Armour
   179 | D        | Reached XP level 5. HP: 23/35 MP: 1/5
   211 | D        | Round 3.
   228 | D        | Noticed an ogre
   239 | D        | Killed an ogre
   239 | D        | Reached skill level 6 in Fighting
   239 | D        | Reached skill level 6 in Staves
   239 | D        | Reached skill level 6 in Armour
   239 | D        | Reached skill level 5 in Dodging
   244 | D        | Noticed an ogre
   258 | D        | Killed an ogre
   258 | D        | Reached skill level 7 in Fighting
   258 | D        | Reached skill level 7 in Staves
   258 | D        | Reached XP level 6. HP: 33/44 MP: 3/6
   296 | D        | Slain by an ogre

Vault maps used:
D:        arena_sprint

Skill      XL: |  1  2  3  4  5 |
---------------+----------------+-----
Fighting       | 3 4 5 7 |  7.2
Staves         | 4 5 7 |  7.0
Armour         | 2 4 5 6 |  6.8
Dodging        | 3 4 5 |  5.8
Throwing       | |  1.7

Action                   |  1- 3 |  4- 6 || total
-------------------------+-------+-------++-------
Melee: Quarterstaff      |    21 |    20 ||    41
Evoke: Wand              |       |     1 ||     1
  Use: Potion            |     2 |     1 ||     3
Armor: Leather armour    |     5 |     2 ||     7
Dodge: Dodged            |    10 |     7 ||    17

Vault maps used:
D:        arena_sprint

Table legend:
 A = Turns spent in this place as a percentage of turns spent in the entire game.
 B = Non-inter-level travel turns spent in this place as a percentage of non-inter-level travel turns spent in the entire game.
 C = Inter-level travel turns spent in this place as a percentage of turns spent in this place.
 D = Turns resting spent in this place as a percentage of non-inter-level travel turns spent in this place.
 E = Turns spent auto-exploring this place as a percentage of non-inter-level travel turns spent in this place.
 F = Non-inter-level travel turns spent in this place divided by the number of levels of this place that you've seen.
                   A       B       C       D       E      F
               +-------+-------+-------+-------+-------+----------------------
         Total | 100.0 | 100.0 |   0.0 |   4.4 |   0.0 | 206.0
       Dungeon | 100.0 | 100.0 |   0.0 |   4.4 |   0.0 | 206.0
               +-------+-------+-------+-------+-------+----------------------

Table legend:
 A = Kills in this place as a percentage of kills in entire the game.
 B = Kills by you in this place as a percentage of kills by you in the entire game.
 C = Kills by friends in this place as a percentage of kills by friends in the entire game.
 D = Other kills in this place as a percentage of other kills in the entire game.
 E = Experience gained in this place as a percentage of experience gained in the entire game.
 F = Experience gained in this place divided by the number of levels of this place that you have seen.
                   A       B       C       D       E      F
               +-------+-------+-------+-------+-------+----------------------
         Total | 100.0 | 100.0 |  -nan |  -nan | 100.0 | 407.0
       Dungeon | 100.0 | 100.0 |  -nan |  -nan | 100.0 | 407.0
               +-------+-------+-------+-------+-------+----------------------
